 Dungeon Crawl Stone Soup version 0.30-a0-1112-gfb780f5df6 (webtiles) character file.

Game seed: 2697215918372641593

1106 odemus the Magician (level 8, 0/42 HPs)
             Began as a Deep Elf Conjurer on Apr 19, 2023.
             Was a Follower of Sif Muna.
             Succumbed to a kobold brigand's curare-tipped dart
             ... on level 7 of the Dungeon.
             The game lasted 01:29:10 (7181 turns).

odemus the Magician (Deep Elf Conjurer)             Turns: 7181, Time: 01:29:10

Health: 0/42       AC:  3    Str:  4    XL:     8   Next: 11%
Magic:  17/21      EV: 13    Int: 26    God:    Sif Muna [*.....]
Gold:   107        SH:  0    Dex: 13    Spells: 11/21 levels left

rFire   . . .      SeeInvis .    (no weapon)
rCold   . . .      Faith    .    (no shield)
rNeg    + . .      Spirit   .    a - +0 robe
rPois   .          Reflect  .    (no helmet)
rElec   .          Rampage  .    w - +0 cloak
rCorr   .                        (no gloves)
Will    .....                    (no boots)
Stlth   +++                      (no amulet)
HPRegen 0.27/turn                j - ring of positive energy
MPRegen 0.17/turn                (no ring)

@: lethally poisoned (0 -> -4), flying, slowed, very slow
A: no striking features
a: Renounce Religion, Channel Magic


You were on level 7 of the Dungeon.
You worshipped Sif Muna.
Sif Muna was aware of your devotion.
You visited 1 branch of the dungeon, and saw 7 of its levels.

You collected 271 gold pieces.
You spent 164 gold pieces at shops.

Inventory:

Hand Weapons
 h - a +1 dagger of flaming
 u - a +2 short sword of freezing
Armour
 a - a +0 robe (worn)
 w - a +0 cloak (worn)
Magical Staves
 g - a staff of earth
Jewellery
 j - a ring of positive energy (left hand)
 x - a ring of fire
Scrolls
 i - 2 scrolls of teleportation
 k - a scroll of enchant weapon {unknown}
 l - a scroll of butterflies {unknown}
 n - 2 scrolls of noise {unknown}
 p - a scroll of amnesia {unknown}
 r - a scroll of acquirement {unknown}
 s - 3 scrolls of magic mapping
 y - a scroll of enchant armour {unknown}
Potions
 b - a potion of magic
 d - 2 potions of lignification
 e - a potion of flight
 m - a potion of invisibility
 o - a potion of brilliance
 q - 2 potions of degeneration
 t - 4 potions of attraction
 v - a potion of ambrosia {unknown}
 A - a potion of berserk rage {unknown}


   Skills:
 + Level 0.7 Fighting
 + Level 5.0 Dodging
 * Level 6.5 Stealth
 + Level 7.3 Spellcasting
 + Level 6.9 Conjurations
 + Level 1.1 Translocations


You had 11 spell levels left.
You knew the following spells:

 Your Spells              Type           Power      Damage    Failure   Level
a - Magic Dart            Conj           100%       1d8       1%          1
b - Searing Ray           Conj           90%        2d7       1%          2
c - Hailstorm             Conj/Ice       27%        3d7       4%          3
d - Iskenderun's Mystic   Conj/Tloc      30%        2d8       11%         4

Your spell library contained the following spells:

 Spells                   Type           Power      Damage    Failure   Level
 Dazzling Flash           Conj/Hex       54%        N/A       4%          3
 Necrotise                Necr           36%        1d5       6%          1
 Cigotuvi's Dreadful Rot  Necr/Pois/Air  18%        N/A       9%          2
 Flame Wave               Conj/Fire      27%        2d9       14%         4
 Fulminant Prism          Conj/Hex       13%        3d9       14%         4
 Sticky Flame             Conj/Fire      27%        2d5       14%         4
 Inner Flame              Hex/Fire       9%         N/A       19%         3
 Vampiric Draining        Necr           9%         2d6       19%         3
 Dispel Undead            Necr           9%         3d8       52%         4
 Agony                    Necr           9%         N/A       86%         5
 Death Channel            Necr           4%         N/A       100%        6


Dungeon Overview and Level Annotations

Branches:
Dungeon (7/15)
 Temple: D:4-7

Altars:
Elyvilon
Ru
Sif Muna

Shops:
D:3 *   D:4 :

Annotations:
D:5 Dowan, Duvessa
D:6 Pikel


Message History

Casting: Searing Ray (safe; 1% risk of failure)
Confirm with . or Enter, or press ? or * to list all spells.
Aiming: Magic Dart (safe; 1% risk of failure)
Press: ? - help, Shift-Dir - straight line, f - kobold brigand
Aim: a kobold brigand, wielding a +0 dagger and quivering curare-tipped darts (100% to hit)
The magic dart hits the kobold brigand.
The kobold brigand is lightly wounded.
Casting: Magic Dart (safe; 1% risk of failure)
Confirm with . or Enter, or press ? or * to list all spells.
Aiming: Magic Dart (safe; 1% risk of failure)
Press: ? - help, Shift-Dir - straight line, f/p - kobold brigand
Aim: a kobold brigand, wielding a +0 dagger and quivering curare-tipped darts (lightly wounded, 100% to hit)
The magic dart hits the kobold brigand.
The kobold brigand is lightly wounded.
The kobold brigand throws a curare-tipped dart.
The curare-tipped dart hits you.
You are poisoned.
You have difficulty breathing.
* * * LOW HITPOINT WARNING * * *
You feel yourself slow down.
It was a potion of flight.
You feel very buoyant.
You fly up into the air.
* * * LOW HITPOINT WARNING * * *
You feel very sick.
As you read the scroll of teleportation, it crumbles to dust.
You feel strangely unstable.
* * * LOW HITPOINT WARNING * * *
You feel very sick.
* * * LOW HITPOINT WARNING * * *
You feel sick.
Casting: Magic Dart (safe; 1% risk of failure)
Confirm with . or Enter, or press ? or * to list all spells.
The spell is quite dangerous to miscast (11% risk of failure)!
Continue anyway?
You erupt in a blast of force!
The mystic blast hits the kobold brigand!
The kobold brigand is heavily wounded.
The kobold brigand is knocked back by the mystic blast.
Your surroundings suddenly seem different.
You die...

#####
#######......
#....@..#
#.###...#
.......
##........
#.# ##.......
#.# .......
#.# .......
#.# .#.....
#.######.##


There were no monsters in sight!

Vanquished Creatures
  A black bear (D:6)
  A phantom (D:4)
  4 lemures (D:6)
  A kobold brigand (D:6)
  3 scorpions
  A gnoll sergeant (D:6)
  6 hounds
  3 jellies
  A sleepcap (D:4)
  2 iguanas
  3 orc wizards
  3 gnolls (D:6)
  6 adders
  A white imp (D:5)
  An ufetubus (D:4)
  2 worms
  2 dart slugs
  16 orcs
  5 bats
  7 endoplasms
  2 giant cockroaches
  17 goblins
  4 hobgoblins
  2 jackals (D:4)
  A quokka (D:5)
  8 ball pythons
  3 frilled lizards
  23 kobolds
  5 rats
134 creatures vanquished.

Notes
Turn   | Place    | Note
-------+----------+-------------------------------------------
     0 | D:1      | odemus the Deep Elf Conjurer began the quest for the Orb.
     0 | D:1      | Reached XP level 1. HP: 10/10 MP: 6/6
   134 | D:1      | Reached XP level 2. HP: 15/15 MP: 0/8
   704 | D:1      | Reached XP level 3. HP: 13/19 MP: 2/9
   713 | D:1      | Learned a level 2 spell: Searing Ray
   757 | D:2      | Reached skill level 5 in Conjurations
  1316 | D:3      | Found a sacrificial altar of Ru.
  1357 | D:3      | Reached XP level 4. HP: 24/24 MP: 5/11
  1464 | D:2      | Reached skill level 4 in Spellcasting
  1723 | D:3      | Found Deos Ofi's General Store.
  1790 | D:3      | Reached XP level 5. HP: 25/28 MP: 1/13
  1888 | D:3      | Bought a potion of brilliance for 52 gold pieces
  1957 | D:3      | Found a shimmering blue altar of Sif Muna.
  1963 | D:3      | Became a worshipper of Sif Muna the Loreminder
  2891 | D:4      | Found Ceannag's Tiny Tomes.
  2897 | D:4      | Bought the Grimoire of Destruction for 112 gold pieces
  2901 | D:4      | Learned a level 3 spell: Hailstorm
  2962 | D:4      | Reached skill level 5 in Spellcasting
  2962 | D:4      | Reached XP level 6. HP: 16/32 MP: 8/15
  3443 | D:4      | Reached * piety under Sif Muna
  3546 | D:5      | Entered Level 5 of the Dungeon
  3678 | D:5      | Learned a level 4 spell: Iskenderun's Mystic Blast
  4192 | D:4      | Reached skill level 5 in Stealth
  4192 | D:4      | Reached skill level 6 in Spellcasting
  4514 | D:5      | Reached XP level 7. HP: 36/36 MP: 14/18
  4606 | D:5      | Noticed Duvessa
  4607 | D:5      | Noticed Dowan
  5360 | D:5      | Reached skill level 1 in Translocations
  5456 | D:5      | Found a white marble altar of Elyvilon.
  6136 | D:6      | Noticed Pikel
  6364 | D:6      | Noticed a steam dragon
  6617 | D:6      | Reached skill level 7 in Spellcasting
  6812 | D:6      | Reached XP level 8. HP: 34/42 MP: 8/21
  6996 | D:6      | Reached skill level 5 in Dodging
  7140 | D:7      | Identified the +3 leather armour of the Tuna {-Tele rElec
                  | rC- Will+++}
  7180 | D:7      | HP: 1/42 [poisoned by a kobold brigand (curare-tipped
                  | dart)]
  7181 | D:7      | Succumbed to a kobold brigand's curare-tipped dart

Illustrated notes

Levels and vault maps discovered:
D:1:      dpeg_arrival_tiny_k, layout_rooms
D:2:      layout_rooms, nicolae_concentric_dashed_squares_mild
D:3:      layout_loops_ring, led_sif_pool,
          mainiacjoe_overflow_concentric_impassable, serial_shops,
          nicolae_shop_stone
D:4:      minmay_bubble_buster, layout_basic,
          nicolae_shop_i_like_small_books_too
D:5:      layout_gridville, elyvilon_altar_1, minmay_joined_circles,
          uniq_duvessa
D:6:      layout_loops_ring, lemuel_zombie_altar_yredelemnul, uniq_pikel
D:7:      layout_loops_ring, nicolae_dithmenos_the_darkroom, temple_green

Skill      XL: |  1  2  3  4  5  6  7  8 |
---------------+-------------------------+-----
Stealth        | 3 4 5 6 |  6.5
Conjurations   | 5 6 |  6.9
Spellcasting   | 4 5 6 7 |  7.3
Dodging        | 3 4 5 |  5.0
Translocations | 1 |  1.1
Fighting       | |  0.7

Action                     |  1- 3 |  4- 6 |  7- 9 || total
---------------------------+-------+-------+-------++-------
  Melee: Unarmed           |    13 |     1 |       ||    14
   Cast: Magic Dart        |    83 |    92 |    63 ||   238
         Searing Ray       |       |    12 |    22 ||    34
         Iskenderun's Myst |       |     2 |     2 ||     4
         Hailstorm         |       |     2 |       ||     2
    Use: Potion            |     1 |     2 |     3 ||     6
         Scroll            |       |     5 |     6 ||    11
 Armour: Robe              |    12 |     7 |     4 ||    23
  Dodge: Dodged            |    32 |    28 |    56 ||   116

Table legend: (Time is in decaauts)
 A = Elapsed time spent in this place.
 B = Non-inter-level travel time spent in this place.
 C = Inter-level travel time spent in this place.
 D = Time resting spent in this place.
 E = Time spent auto-exploring this place.
 F = Levels seen in this place.
 G = Mean time per level.
                   A        B        C        D        E       F      G
               +--------+--------+--------+--------+--------+-----+--------+
         Total |   7204 |   7204 |      0 |      0 |    153 |   7 | 1029.1 |
       Dungeon |   7204 |   7204 |      0 |      0 |    153 |   7 | 1029.1 |
               +--------+--------+--------+--------+--------+-----+--------+

Top non-repeatable levels by time:
     D:4: 2076 daAuts
     D:3: 1287 daAuts
     D:5: 1143 daAuts
     D:6: 1120 daAuts
     D:2: 716 daAuts
     D:1: 677 daAuts
     D:7: 183 daAuts
